[Event "Titled Tuesday Blitz August 22 Early 2023"]
[White "Chigaev, Maksim"]
[Black "SmirnovAlexandrA"]
[WhiteFideId "4108116"]
[WhiteElo "2910"]
[BlackElo "2657"]
[Result "1-0"]
[Round "7"]
[TimeControl "180+1"]
[Date "2023.08.22"]
[WhiteClock "0:00:15"]
[BlackClock "0:00:00"]
[Board "29"]

1. e4 d5 2. exd5 Qxd5 3. Nc3 Qd6 4. d4 Nf6 5. Nf3 a6 6. g3 Bg4 7. h3 Bh5 8. Bg2 Nc6 9. O-O O-O-O 10. Be3 e5 11. dxe5 Nxe5 12. Qxd6 Nxf3+ 13. Bxf3 Bxd6 14. Bxh5 Nxh5 15. Rad1 h6 16. b3 Nf6 17. Bd4 Rhe8 18. Bxf6 gxf6 19. Kg2 f5 20. Kf3 Re6 21. Ne2 Be5 22. Rxd8+ Kxd8 23. Rd1+ Ke7 24. c4 a5 25. Nd4 Bxd4 26. Rxd4 b6 27. Rd5 Kf6 28. c5 Rc6 29. cxb6 cxb6 30. Rb5 Rc3+ 31. Kf4 Rc2 32. Rxb6+ Kg7 33. a4 Rxf2+ 34. Ke3 Rg2 35. Kf3 Rb2 36. g4 fxg4+ 37. hxg4 f6 38. Rb5 Kg6 39. Ke3 Rg2 40. Rxa5 Rxg4 41. Rb5 Rg1 42. a5 Ra1 43. b4 h5 44. Kf3 Ra3+ 45. Kg2 f5 46. Rb6+ Kg5 47. a6 Kg4 48. Rg6+ Kf4 49. b5 Ra2+ 50. Kh3 Ke5 51. Rg7 f4 52. a7 f3 53. b6 f2 54. Kg2 Kd6 55. b7 1-0


[Site "https://www.chess.com"]

[Event "Titled Tuesday Blitz August 22 Early 2023"]
[White "Rustemov, Alexander"]
[Black "CrazyAdvenTures"]
[WhiteFideId "4119002"]
[WhiteElo "2875"]
[BlackElo "2656"]
[Result "0-1"]
[Round "7"]
[TimeControl "180+1"]
[Date "2023.08.22"]
[WhiteClock "0:00:08"]
[BlackClock "0:00:21"]
[Board "30"]

1. d4 Nf6 2. c4 d6 3. Nf3 g6 4. g3 Bg7 5. Bg2 O-O 6. Nc3 Bf5 7. Nh4 Bc8 8. O-O Nc6 9. Nf3 e5 10. h3 exd4 11. Nxd4 Bd7 12. Be3 Re8 13. Qd2 Qc8 14. Nxc6 Bxc6 15. Bd4 Bxg2 16. Kxg2 Ne4 17. Nxe4 Rxe4 18. Bxg7 Kxg7 19. b3 Qf5 20. f3 Re6 21. e4 Qf6 22. Rac1 Kg8 23. Rfd1 Rae8 24. Rc2 c6 25. Qf2 a6 26. Rcd2 b5 27. c5 dxc5 28. Qxc5 h5 29. h4 a5 30. Rd7 R8e7 31. R7d6 Rxd6 32. Rxd6 Qb2+ 33. Qf2 Qc3 34. Qd4 Qc2+ 35. Kh3 Re8 36. Qd2 Qb1 37. Kg2 a4 38. bxa4 bxa4 39. a3 Rb8 40. Rd8+ Rxd8 41. Qxd8+ Kh7 42. Qf8 Qa2+ 43. Kh3 Qe6+ 44. Kh2 Qa2+ 45. Kg1 Qb1+ 46. Kf2 Qb2+ 47. Ke1 Qc1+ 48. Ke2 Qc2+ 49. Ke3 Qc3+ 50. Kf2 Qd2+ 51. Kf1 Qd1+ 52. Kg2 Qe2+ 53. Kg1 Qxf3 54. Kh2 Qf2+ 55. Kh3 Qf1+ 56. Kh2 Qe2+ 57. Kg1 Qf3 58. Kh2 c5 59. e5 c4 60. Qc5 Qe2+ 61. Kg1 Qd1+ 62. Kh2 Qd2+ 63. Kg1 c3 64. Qc7 Qe3+ 65. Kh2 Kg7 66. e6 Qf2+ 67. Kh1 Qf1+ 68. Kh2 Qe2+ 69. Kg1 Qe1+ 70. Kg2 Qe4+ 71. Kg1 Qxe6 72. Qxc3+ Qf6 73. Qb4 Qf3 74. Kh2 Qf2+ 75. Kh1 Qc2 76. Kg1 Qb3 77. Qd4+ Kh7 78. Qd6 Qb1+ 79. Kf2 Qf5+ 80. Ke3 Qe6+ 81. Qxe6 fxe6 82. Kd4 Kg7 83. Kc4 e5 84. Kb4 e4 85. Kc4 Kf6 86. Kd4 Kf5 87. Ke3 Kg4 88. Kf2 e3+ 89. Kxe3 Kxg3 90. Kd4 Kxh4 91. Kc4 g5 92. Kb4 g4 93. Kxa4 g3 94. Kb5 g2 95. a4 g1=Q 96. a5 Qa7 97. a6 Kg5 98. Ka5 h4 99. Kb5 h3 100. Ka5 h2 101. Kb5 h1=Q 102. Ka5 Qd5+ 103. Kb4 Qad4+ 104. Ka3 Qa5+ 105. Kb3 Qdc3# 0-1


[Site "https://www.chess.com"]

[Event "Titled Tuesday Blitz August 22 Early 2023"]
[White "JeRoma71"]
[Black "Maltsevskaya, Aleksandra"]
[BlackFideId "24174041"]
[WhiteElo "2871"]
[BlackElo "2644"]
[Result "1-0"]
[Round "7"]
[TimeControl "180+1"]
[Date "2023.08.22"]
[WhiteClock "0:00:04"]
[BlackClock "0:00:00"]
[Board "31"]

1. Nf3 Nf6 2. g3 g6 3. Bg2 Bg7 4. O-O O-O 5. c4 d6 6. Nc3 Nbd7 7. b3 e5 8. Bb2 a5 9. e3 Nc5 10. d4 exd4 11. Nxd4 a4 12. b4 a3 13. Bc1 Ne6 14. Qb3 Ng4 15. h3 Ne5 16. Nce2 c5 17. Nb5 cxb4 18. Bd2 Nc5 19. Qxb4 Ra4 20. Qb1 Bf5 21. Qd1 Rxc4 22. Nxa3 Ra4 23. Nb5 Bd3 24. Nbd4 Nc6 25. Bc3 Nxd4 26. exd4 Bxe2 27. Qxe2 Bxd4 28. Bxd4 Rxd4 29. Rab1 Re8 30. Qb5 Rd2 31. a4 Ree2 32. Bf3 Re5 33. Bxb7 Qf6 34. Rb2 Ree2 35. Rxd2 Rxd2 36. Bc6 Qd4 37. a5 Nd3 38. Qb6 Qxb6 39. axb6 Rb2 40. b7 Nc5 41. Re1 Kg7 42. Re8 Nxb7 43. Rb8 Rc2 44. Bxb7 Rb2 45. Kg2 h5 46. Kf3 g5 47. g4 hxg4+ 48. hxg4 Kf6 49. Ke3 Rb3+ 50. Kd4 Rb2 51. f3 Rb4+ 52. Kd5 Ke7 53. Kc6 Rb3 54. Kc7 Rc3+ 55. Bc6 d5 56. Rb1 Rxf3 57. Bxd5 Rf4 58. Re1+ Kf6 59. Rg1 Ke5 60. Bb3 f5 61. gxf5 Kxf5 62. Kd6 g4 63. Be6+ Kg5 64. Ke5 Rb4 65. Bd5 Rb2 66. Bf3 Rb5+ 67. Kd4 Rb4+ 68. Kc5 Rf4 69. Bd5 Kh4 70. Rh1+ Kg5 71. Kd6 g3 72. Ke5 Rf5+ 73. Kd4 Rf2 74. Ke3 1-0


[Site "https://www.chess.com"]

[Event "Titled Tuesday Blitz August 22 Early 2023"]
[White "Mendez Fortes, Eduardo Jesus"]
[Black "Elsa167"]
[WhiteFideId "3502376"]
[WhiteElo "2643"]
[BlackElo "2867"]
[Result "0-1"]
[Round "7"]
[TimeControl "180+1"]
[Date "2023.08.22"]
[WhiteClock "0:00:00"]
[BlackClock "0:02:44"]
[Board "32"]

1. e4 e6 2. d4 d5 3. Nd2 c5 4. exd5 Qxd5 5. Ngf3 cxd4 6. Bc4 Qd7 7. O-O a6 8. Nb3 Nc6 9. Nbxd4 Nxd4 10. Nxd4 Qc7 11. Qe2 Bd6 12. Re1 Ne7 0-1


[Site "https://www.chess.com"]

[Event "Titled Tuesday Blitz August 22 Early 2023"]
[White "Maksimovic, Bojan"]
[Black "Arabidze, Meri"]
[WhiteFideId "14408120"]
[BlackFideId "13604040"]
[WhiteElo "2859"]
[BlackElo "2595"]
[Result "1-0"]
[Round "7"]
[TimeControl "180+1"]
[Date "2023.08.22"]
[WhiteClock "0:00:20"]
[BlackClock "0:00:00"]
[Board "33"]

1. e4 c5 2. Nf3 e6 3. d4 cxd4 4. Nxd4 Nc6 5. Nc3 a6 6. Nxc6 bxc6 7. Qd3 d5 8. Qg3 Ne7 9. Bd3 Ng6 10. O-O Bd6 11. f4 O-O 12. e5 Bc5+ 13. Kh1 Qh4 14. Qxh4 Nxh4 15. Na4 Ba7 16. c4 f6 17. exf6 gxf6 18. Bd2 Bd7 19. Rae1 Rab8 20. b3 d4 21. c5 Rbe8 22. g3 Nf5 23. Bxa6 e5 24. Bd3 Ne3 25. Bxe3 dxe3 26. Rxe3 exf4 27. Rxe8 Rxe8 28. Rxf4 Bh3 29. Re4 Rd8 30. Re3 f5 31. Kg1 Rd4 32. Kf2 f4 33. gxf4 Bd7 34. Nb6 Rxf4+ 35. Kg3 Rf7 36. Bc4 Bxb6 37. Kg2 Bxc5 38. Rf3 Be8 39. Rf5 Bf8 40. a4 Kg7 41. Bxf7 Bxf7 42. a5 Bd5+ 43. Kf1 Bc5 44. a6 Kg6 45. b4 Bxb4 46. Rxd5 cxd5 47. a7 1-0


[Site "https://www.chess.com"]

[Event "Titled Tuesday Blitz August 22 Early 2023"]
[White "Durarbayli, Vasif"]
[Black "Jaskolka, Tomasz"]
[WhiteFideId "13402935"]
[BlackFideId "1170791"]
[WhiteElo "2855"]
[BlackElo "2549"]
[Result "1-0"]
[Round "7"]
[TimeControl "180+1"]
[Date "2023.08.22"]
[WhiteClock "0:01:37"]
[BlackClock "0:00:00"]
[Board "34"]

1. e4 d5 2. d3 e5 3. Nf3 Nc6 4. Be2 Nf6 5. Nbd2 Bc5 6. c3 a5 7. O-O O-O 8. b3 d4 9. Bb2 dxc3 10. Bxc3 Re8 11. h3 Nd4 12. Nxd4 Bxd4 13. Rc1 Bxc3 14. Rxc3 c6 15. Nc4 Be6 16. Ne3 a4 17. bxa4 Qa5 18. Ra3 Red8 19. Qa1 Qb4 20. Nc2 Qc5 21. Rc1 Qd6 22. Qb2 h6 23. a5 Nd7 24. d4 exd4 25. Qxd4 Nc5 26. Qxd6 Rxd6 27. f3 f5 28. exf5 Bxf5 29. Ne3 Bd3 30. Bxd3 Rxd3 31. Rxd3 Nxd3 32. Rc3 Nf4 33. Ra3 Kf7 34. Nc4 Ke6 35. Re3+ Kf6 36. Rb3 Ra7 37. Kf2 Nd5 38. h4 Ke6 39. h5 Kd7 40. g4 Kc7 41. Kg3 Ra8 42. Rb2 Re8 43. Rxb7+ Kxb7 44. Nd6+ Ka6 45. Nxe8 Kxa5 46. Nxg7 c5 47. Nf5 c4 48. Nxh6 c3 49. Nf5 c2 50. Nd4 c1=N 51. h6 1-0


[Site "https://www.chess.com"]

[Event "Titled Tuesday Blitz August 22 Early 2023"]
[White "Bachmann, Axel"]
[Black "szachmistrz2500"]
[WhiteFideId "3700488"]
[WhiteElo "2853"]
[BlackElo "2514"]
[Result "1-0"]
[Round "7"]
[TimeControl "180+1"]
[Date "2023.08.22"]
[WhiteClock "0:02:16"]
[BlackClock "0:01:37"]
[Board "35"]

1. e4 c5 2. Nf3 d6 3. Bb5+ Bd7 4. c4 e5 5. Nc3 g6 6. d3 Bg7 7. Nd5 Ne7 8. Bg5 Qa5+ 9. b4 cxb4 10. Bxd7+ Nxd7 11. Bxe7 b3+ 12. Qd2 b2 13. Rb1 Qxa2 14. O-O Rc8 15. Bxd6 Bf8 16. Rxb2 Qa6 17. Nc7+ Rxc7 18. Bxc7 b6 19. Nxe5 1-0


[Site "https://www.chess.com"]

[Event "Titled Tuesday Blitz August 22 Early 2023"]
[White "Gontcharov, Vladislav"]
[Black "Drygalov, Sergey"]
[WhiteFideId "4123492"]
[BlackFideId "24171743"]
[WhiteElo "2564"]
[BlackElo "2957"]
[Result "1/2-1/2"]
[Round "7"]
[TimeControl "180+1"]
[Date "2023.08.22"]
[WhiteClock "0:00:31"]
[BlackClock "0:00:14"]
[Board "36"]

1. d4 Nf6 2. c4 e6 3. Nf3 d5 4. Nc3 c6 5. e3 Nbd7 6. Bd3 dxc4 7. Bxc4 b5 8. Bd3 Bd6 9. O-O Bb7 10. a4 a6 11. Ne4 Nxe4 12. Bxe4 Nf6 13. Nd2 Nxe4 14. Nxe4 Bxh2+ 15. Kxh2 Qh4+ 16. Kg1 Qxe4 17. f3 Qg6 18. e4 O-O 19. Be3 f5 20. Qc2 fxe4 21. Qxe4 Qxe4 22. fxe4 Rxf1+ 23. Kxf1 h6 24. Ke2 a5 25. g3 Kf7 26. Bd2 b4 27. Rc1 c5 28. dxc5 Bxe4 29. c6 Ke7 30. Bf4 g5 31. Be5 h5 32. c7 Kd7 33. Ke3 Bd5 34. Rf1 Bb3 35. Kd4 Kc6 36. Rc1+ Kb7 37. Rf1 Bxa4 38. Kc5 Bc6 39. Rf7 Rc8 40. Rg7 h4 41. gxh4 gxh4 42. Rh7 Bd5 43. Rxh4 Rf8 44. Kd6 Ra8 45. Rh8 Rxh8 46. Bxh8 Kc8 47. Be5 a4 48. Kc5 a3 49. bxa3 bxa3 50. Kb4 a2 51. Ka3 Kb7 52. Kb2 Bc4 53. Ka1 Kc8 54. Kb2 Bd5 55. Ka1 Kd7 56. Kb2 Bb3 57. Kxb3 a1=Q 58. Bxa1 Kxc7 59. Be5+ Kc6 60. Kc4 Kd7 61. Kc5 Ke7 62. Kc6 Kf7 63. Kd6 Kg6 64. Kxe6 1/2-1/2


[Site "https://www.chess.com"]

[Event "Titled Tuesday Blitz August 22 Early 2023"]
[White "Nasir, Zehn"]
[Black "Tari, Aryan"]
[WhiteFideId "2613239"]
[BlackFideId "1510045"]
[WhiteElo "2654"]
[BlackElo "2938"]
[Result "0-1"]
[Round "7"]
[TimeControl "180+1"]
[Date "2023.08.22"]
[WhiteClock "0:00:00"]
[BlackClock "0:00:02"]
[Board "37"]

1. d4 Nf6 2. Bf4 g6 3. Nc3 d5 4. Nf3 Bg7 5. h4 h5 6. e3 c6 7. Ne5 b5 8. Bd3 Ng4 9. Qd2 Nxe5 10. Bxe5 Bxe5 11. dxe5 Na6 12. e4 d4 13. Ne2 Nc5 14. Qb4 Ne6 15. f4 a6 16. c4 c5 17. Qd2 Nc7 18. b4 Be6 19. Rc1 bxc4 20. Bxc4 Bxc4 21. Rxc4 d3 22. Nc1 cxb4 23. Qxd3 Ne6 24. Qe3 Rc8 25. Rxc8 Qxc8 26. O-O Qc5 27. Kf2 Kd7 28. Rd1+ Kc6 29. Nb3 Qxe3+ 30. Kxe3 Nc7 31. Rc1+ Kb6 32. Rd1 a5 33. Rd7 a4 34. Nd2 Nb5 35. Rxe7 Nc3 36. Rxf7 Nxa2 37. e6 Nc3 38. e7 Re8 39. f5 gxf5 40. exf5 a3 41. Nb3 Nd5+ 42. Kd4 Nxe7 43. Kc4 Nc6 44. Rf6 Re4+ 45. Kd3 Rg4 46. Rg6 Rxh4 0-1


[Site "https://www.chess.com"]

[Event "Titled Tuesday Blitz August 22 Early 2023"]
[White "Sadzikowski, Daniel"]
[Black "Dardha, Daniel"]
[WhiteFideId "1132253"]
[BlackFideId "240990"]
[WhiteElo "2645"]
[BlackElo "2938"]
[Result "0-1"]
[Round "7"]
[TimeControl "180+1"]
[Date "2023.08.22"]
[WhiteClock "0:00:00"]
[BlackClock "0:00:05"]
[Board "38"]

1. e4 c6 2. d4 d5 3. exd5 cxd5 4. Bd3 Nf6 5. h3 Nc6 6. c3 g6 7. Bf4 Bf5 8. Be2 h5 9. Nf3 e6 10. Nbd2 Bh6 11. Bxh6 Rxh6 12. Qb3 Qc7 13. c4 h4 14. Rc1 Qe7 15. O-O Kf8 16. Qe3 Kg7 17. a3 dxc4 18. Bxc4 Rd8 19. Rfe1 Nd5 20. Bxd5 Rxd5 21. Rc5 Qd8 22. Nc4 Nxd4 23. Rxd5 Nxf3+ 24. Qxf3 exd5 25. Rd1 Be6 26. Qc3+ Qf6 27. Ne3 Rh5 28. Rd4 Qe5 29. Qd2 Qg5 30. Kf1 Rh8 31. Rb4 Rc8 32. Rxb7 Qe5 33. Rb4 Qh2 34. Ke2 Kg8 35. Rb3 d4 36. Qxd4 Bxb3 37. Ng4 Bc4+ 38. Kf3 Qc7 39. Nf6+ Kf8 40. Nh7+ Ke7 41. Qf6+ Kd7 42. Qd4+ Qd6 43. Nf6+ Ke6 0-1


[Site "https://www.chess.com"]

[Event "Titled Tuesday Blitz August 22 Early 2023"]
[White "Frolyanov, Dmitry"]
[Black "Sjugirov, Sanan"]
[WhiteFideId "4151976"]
[BlackFideId "4189302"]
[WhiteElo "2644"]
[BlackElo "2907"]
[Result "0-1"]
[Round "7"]
[TimeControl "180+1"]
[Date "2023.08.22"]
[WhiteClock "0:00:00"]
[BlackClock "0:00:05"]
[Board "39"]

1. d4 Nf6 2. c4 e6 3. Nf3 b6 4. a3 Bb7 5. Nc3 Ne4 6. Nxe4 Bxe4 7. g3 Be7 8. Bg2 O-O 9. O-O d5 10. cxd5 Qxd5 11. Bf4 Bd6 12. Bxd6 cxd6 13. Rc1 Nc6 14. Qd2 Na5 15. Qe3 Rac8 16. Rxc8 Rxc8 17. Rc1 Rc4 18. h4 h6 19. Rxc4 Nxc4 20. Qc3 Qc6 21. Kh2 a5 22. a4 Bd5 23. Ne1 Bxg2 24. Nxg2 d5 25. b3 Ne5 26. Qxc6 Nxc6 27. e3 Nb4 28. Nf4 g5 29. hxg5 hxg5 30. Ne2 g4 31. Kg2 Nd3 32. f3 Ne1+ 33. Kf2 Nxf3 34. Nc1 Nd2 35. Kg2 Kg7 36. Kf2 Ne4+ 37. Kg2 Nd2 38. Kf2 Kf6 39. Ke2 Ne4 40. Nd3 Nxg3+ 41. Kf2 Ne4+ 42. Kg2 Ke7 43. Ne5 f5 0-1


[Site "https://www.chess.com"]

[Event "Titled Tuesday Blitz August 22 Early 2023"]
[White "Aaditya Dhingra"]
[Black "Piorun, Kacper"]
[WhiteFideId "25678191"]
[BlackFideId "1130420"]
[WhiteElo "2644"]
[BlackElo "2840"]
[Result "0-1"]
[Round "7"]
[TimeControl "180+1"]
[Date "2023.08.22"]
[WhiteClock "0:00:17"]
[BlackClock "0:00:17"]
[Board "40"]

1. d4 Nf6 2. c4 e6 3. Nf3 b6 4. g3 Ba6 5. b3 Bb4+ 6. Bd2 Be7 7. Bg2 O-O 8. Nc3 d5 9. cxd5 exd5 10. O-O Re8 11. Rc1 Ba3 12. Rc2 Nbd7 13. Bf4 Nf8 14. Ne5 Ne6 15. Bc1 Bxc1 16. Rxc1 Bb7 17. e3 c5 18. dxc5 bxc5 19. Na4 Qe7 20. Qd2 Rac8 21. Rfd1 Ng5 22. Nd3 d4 23. Naxc5 Bxg2 24. Kxg2 dxe3 25. Qxe3 Qxe3 26. fxe3 Rxe3 27. Re1 Rxe1 28. Rxe1 Kf8 29. h4 Ne6 30. b4 Nd4 31. Ne5 h5 32. Rd1 Nf5 33. Rd3 Kg8 34. a3 Re8 35. Nc6 Re2+ 36. Kf1 Ra2 37. Nxa7 Ng4 38. Nb5 Nfe3+ 39. Ke1 Ng2+ 40. Kf1 Rf2+ 41. Kg1 Ne1 42. Rd8+ Kh7 43. Nd3 Nf3+ 44. Kh1 Rh2# 0-1


[Site "https://www.chess.com"]

[Event "Titled Tuesday Blitz August 22 Early 2023"]
[White "Chen, Ryo"]
[Black "Bacrot, Etienne"]
[WhiteFideId "7003072"]
[BlackFideId "605506"]
[WhiteElo "2637"]
[BlackElo "2838"]
[Result "0-1"]
[Round "7"]
[TimeControl "180+1"]
[Date "2023.08.22"]
[WhiteClock "0:00:00"]
[BlackClock "0:00:01"]
[Board "41"]

1. e4 c5 2. Nf3 d6 3. d4 cxd4 4. Nxd4 Nf6 5. Nc3 Nc6 6. Be2 g6 7. O-O Bg7 8. Nb3 O-O 9. Bg5 a5 10. a4 Be6 11. Kh1 Bxb3 12. cxb3 h6 13. Bh4 e6 14. Qd2 g5 15. Bg3 d5 16. exd5 Nxd5 17. Nxd5 Qxd5 18. Qxd5 exd5 19. Bf3 Rfd8 20. Rad1 Nd4 21. Bc7 Rd7 22. Bb6 Nxf3 23. gxf3 Bxb2 24. Rd2 Bc3 25. Rd3 Ra6 26. Bc5 Bf6 27. Rfd1 d4 28. f4 Rc6 29. Ba3 gxf4 30. Kg2 Rc2 31. Kf3 Kh7 32. Bc1 Be5 33. Bd2 Kg6 34. Bxa5 Kf5 35. Bb6 Rc6 36. a5 Rd5 37. b4 Rc4 38. Bc5 Bf6 39. R1d2 Be5 40. Ra2 Rc3 41. Rd2 Rc4 42. Rd1 Bf6 43. R1d2 Rd8 44. Ra2 Rc3 45. Rd2 Re8 46. Bb6 Rc4 47. b5 Rc3 48. a6 bxa6 49. bxa6 Re6 50. a7 Re8 51. Rxc3 dxc3 52. Rd5+ Ke6 53. Rc5 Bd4 54. Rb5 Be5 55. Ba5 Ra8 0-1


[Site "https://www.chess.com"]

[Event "Titled Tuesday Blitz August 22 Early 2023"]
[White "Pakleza, Zbigniew"]
[Black "Turayev, Shahruh"]
[WhiteFideId "1119290"]
[BlackFideId "14003856"]
[WhiteElo "2835"]
[BlackElo "2635"]
[Result "1-0"]
[Round "7"]
[TimeControl "180+1"]
[Date "2023.08.22"]
[WhiteClock "0:00:04"]
[BlackClock "0:00:02"]
[Board "42"]

1. d4 Nf6 2. Nf3 d5 3. Bf4 c5 4. c3 Nc6 5. Nbd2 cxd4 6. cxd4 Bf5 7. e3 e6 8. Qb3 Bb4 9. a3 Qa5 10. Rd1 Bxd2+ 11. Nxd2 O-O 12. Qxb7 Rfc8 13. Qa6 Qd8 14. b4 Nh5 15. Bg3 Nxg3 16. hxg3 e5 17. Bb5 exd4 18. Bxc6 dxe3 19. fxe3 Qd6 20. O-O Rxc6 21. Qb7 Rb8 22. Qxa7 Bg6 23. Rf4 Rbc8 24. Nf1 h6 25. Qd4 Rc2 26. Qxd5 Qe7 27. Rd2 Rc1 28. Kf2 Ra1 29. Rc4 Re8 30. Rf4 Kh7 31. Qd4 Rc8 32. Qxa1 Qb7 33. Qd4 Rc1 34. e4 Qa6 35. Qd3 Qb7 36. Ne3 Ra1 37. Nf5 Qb6+ 38. Qd4 Qb8 39. Qxg7# 1-0


[Site "https://www.chess.com"]

[Event "Titled Tuesday Blitz August 22 Early 2023"]
[White "Bauman_Guy"]
[Black "Vlassov, Nikolai"]
[BlackFideId "4103360"]
[WhiteElo "2811"]
[BlackElo "2620"]
[Result "1-0"]
[Round "7"]
[TimeControl "180+1"]
[Date "2023.08.22"]
[WhiteClock "0:01:31"]
[BlackClock "0:00:40"]
[Board "43"]

1. e4 Nc6 2. Nc3 Nf6 3. Bc4 Nxe4 4. Nxe4 d5 5. Bd3 dxe4 6. Bxe4 e5 7. Nf3 Bd6 8. O-O O-O 9. d3 f5 10. Bd5+ Kh8 11. Ng5 Qf6 12. Qh5 h6 13. Nf7+ Kh7 14. Bg5 Qg6 15. Qxg6+ Kxg6 16. Nxd6 cxd6 17. Bd2 f4 18. a4 Kf6 19. a5 Be6 20. Bxc6 bxc6 21. a6 Rab8 22. b3 c5 23. Ra3 Rb6 24. Ba5 Rxa6 25. Bd8+ Rxd8 26. Rxa6 Rd7 27. Rfa1 g5 28. Rxa7 Rxa7 29. Rxa7 h5 30. g3 h4 31. gxh4 gxh4 32. Rh7 h3 33. Rh6+ Kf5 34. f3 d5 35. Rxh3 c4 36. dxc4 dxc4 37. b4 Bd5 38. Kf2 Ke6 39. Rh6+ Kd7 40. c3 1-0


[Site "https://www.chess.com"]

[Event "Titled Tuesday Blitz August 22 Early 2023"]
[White "Kuzhilniy, Oleksandr"]
[Black "Gorovets, Andrey"]
[WhiteFideId "34110500"]
[BlackFideId "13504037"]
[WhiteElo "2618"]
[BlackElo "2793"]
[Result "0-1"]
[Round "7"]
[TimeControl "180+1"]
[Date "2023.08.22"]
[WhiteClock "0:02:01"]
[BlackClock "0:02:10"]
[Board "44"]

1. b3 c5 2. Bb2 d6 3. Nf3 e5 4. e3 Ne7 5. d4 cxd4 6. exd4 e4 7. Nfd2 d5 8. Be2 Nbc6 9. Nf1 f5 10. g3 g6 11. Ne3 Bh6 12. Bc1 O-O 13. Nxd5 Bxc1 14. Nxe7+ Qxe7 15. Qxc1 Nxd4 16. Bc4+ Be6 17. Bxe6+ Qxe6 18. O-O Ne2+ 0-1


[Site "https://www.chess.com"]

[Event "Titled Tuesday Blitz August 22 Early 2023"]
[White "Kushko, Dmitriy"]
[Black "Garakov, Mikhael"]
[WhiteFideId "14162261"]
[BlackFideId "4169034"]
[WhiteElo "2771"]
[BlackElo "2590"]
[Result "0-1"]
[Round "7"]
[TimeControl "180+1"]
[Date "2023.08.22"]
[WhiteClock "0:00:02"]
[BlackClock "0:00:03"]
[Board "45"]

1. Nf3 c5 2. e4 e6 3. d4 cxd4 4. Nxd4 Nc6 5. Bf4 Nf6 6. Nb5 e5 7. Bg5 d6 8. Bxf6 gxf6 9. Nd2 a6 10. Nc3 f5 11. Qh5 Nd4 12. Bc4 Qf6 13. Nd5 Qg6 14. Qxg6 hxg6 15. Nc7+ Kd8 16. Nxa8 Nxc2+ 17. Ke2 Nxa1 18. Rxa1 Rxh2 19. g3 fxe4 20. Nxe4 Bg4+ 21. Kd3 f5 22. Ng5 e4+ 23. Kc3 Bg7+ 24. Kb3 Bf6 25. Ne6+ Ke7 26. Nf4 b5 27. Nxg6+ Kd7 28. Bd5 Rxf2 29. Rb1 Be2 30. Nb6+ Kc7 31. Na8+ Kd7 32. Rc1 Bd3 33. Rc7+ Kd8 34. Kb4 Rxb2+ 35. Ka5 Rc2 36. Rf7 Bc3+ 37. Kb6 Bd4+ 38. Kb7 Bc4 39. Nf4 e3 40. Ne6+ Ke8 41. Nac7+ Kxf7 42. Ng5+ Kg6 43. Nge6 Bxd5+ 44. Nxd5 e2 45. Nxd4 e1=Q 46. Nf4+ Kf6 47. Nxc2 Qe4+ 0-1


[Site "https://www.chess.com"]

[Event "Titled Tuesday Blitz August 22 Early 2023"]
[White "Ahmad, Khagan"]
[Black "Kosteniuk, Alexandra"]
[WhiteFideId "13431552"]
[BlackFideId "4128125"]
[WhiteElo "2601"]
[BlackElo "2755"]
[Result "1-0"]
[Round "7"]
[TimeControl "180+1"]
[Date "2023.08.22"]
[WhiteClock "0:00:17"]
[BlackClock "0:00:01"]
[Board "46"]

1. Nf3 f5 2. d4 Nf6 3. Nc3 g6 4. Bg5 Bg7 5. Bxf6 Bxf6 6. e4 fxe4 7. Nxe4 Bg7 8. h4 d5 9. Neg5 c5 10. h5 h6 11. hxg6 Qb6 12. Nf7 Rg8 13. N7e5 cxd4 14. Bd3 Nc6 15. Nxc6 bxc6 16. O-O Bg4 17. Qe1 Bxf3 18. Qe6 Rf8 19. gxf3 Qc7 20. Rae1 Qd7 21. f4 Rxf4 22. Qg8+ Bf8 23. Re6 O-O-O 24. Rfe1 h5 25. Qh7 Rf6 26. Rxf6 exf6 27. Qxd7+ Kxd7 28. Bf5+ Kc7 29. Re6 Bg7 30. Re7+ Kb6 31. Rxg7 c5 32. Rf7 c4 33. g7 1-0


[Site "https://www.chess.com"]

[Event "Titled Tuesday Blitz August 22 Early 2023"]
[White "Ezat, Mohamed"]
[Black "Lei, Tingjie"]
[WhiteFideId "10600906"]
[BlackFideId "8605114"]
[WhiteElo "2588"]
[BlackElo "2749"]
[Result "0-1"]
[Round "7"]
[TimeControl "180+1"]
[Date "2023.08.22"]
[WhiteClock "0:00:12"]
[BlackClock "0:00:16"]
[Board "47"]

1. d4 Nf6 2. c4 e6 3. Nc3 Bb4 4. e3 O-O 5. a3 Bxc3+ 6. bxc3 c5 7. Bd3 Nc6 8. Ne2 b6 9. O-O Ba6 10. e4 Ne8 11. Ng3 cxd4 12. cxd4 Nxd4 13. f4 Rc8 14. f5 f6 15. Qa4 Bb7 16. Be3 Nc6 17. c5 Ne5 18. Ba6 Bxa6 19. Qxa6 Nc7 20. Qxa7 b5 21. Qa5 Ra8 22. Qc3 Ra4 23. Rfd1 Rc4 24. Qb3 Qe7 25. Kh1 Ra8 26. Rd2 Rca4 27. Rad1 Rxa3 28. Qb4 Rxe3 29. Qd4 Rea3 30. Qd6 Qxd6 31. cxd6 Na6 32. fxe6 dxe6 33. d7 Rd8 34. Rd6 Nc5 35. Ne2 Rxd7 36. Rxd7 Nexd7 37. Nd4 Rd3 38. Rxd3 Nxd3 39. Nxb5 Kf7 40. Nd4 Nf2+ 41. Kg1 Nxe4 42. h3 e5 43. Nb5 Ke6 44. Nc7+ Kd6 45. Ne8+ Ke7 46. Nxg7 Nd6 47. Nh5 f5 48. Kf2 Nf6 49. Ng3 Nfe4+ 50. Nxe4 Nxe4+ 51. Ke3 Nd6 52. g4 f4+ 53. Kf3 Kf6 54. h4 h6 55. Kf2 e4 56. Ke2 Nc4 57. Kf2 Ne5 58. Ke2 e3 0-1


[Site "https://www.chess.com"]

[Event "Titled Tuesday Blitz August 22 Early 2023"]
[White "Weetik, Vjacheslav"]
[Black "Shukhman, Anna"]
[WhiteFideId "4153472"]
[BlackFideId "54180058"]
[WhiteElo "2742"]
[BlackElo "2571"]
[Result "1-0"]
[Round "7"]
[TimeControl "180+1"]
[Date "2023.08.22"]
[WhiteClock "0:01:48"]
[BlackClock "0:02:04"]
[Board "48"]

1. d4 Nf6 2. Bf4 g6 3. Nf3 Bg7 4. e3 O-O 5. h3 d6 6. c4 Nbd7 7. Nc3 c6 8. Be2 Re8 9. O-O Qc7 10. c5 Nh5 11. Bh2 b6 12. cxd6 exd6 13. Rc1 Qb8 14. Nd2 Nhf6 15. Nc4 Bf8 16. d5 c5 17. Nb5 Ne5 18. Bxe5 dxe5 19. d6 a6 20. Nc7 Bb7 21. Nxb6 Bxg2 22. Nbxa8 Bxa8 23. Nxe8 Qxe8 24. Bf3 e4 25. Bg2 Nd7 26. Qa4 Bxd6 27. Rfd1 Qe5 28. Qxd7 1-0


[Site "https://www.chess.com"]

[Event "Titled Tuesday Blitz August 22 Early 2023"]
[White "Chyzy, Jakub"]
[Black "Hulka, Valentyn"]
[WhiteFideId "21806209"]
[BlackFideId "34107061"]
[WhiteElo "2586"]
[BlackElo "2729"]
[Result "0-1"]
[Round "7"]
[TimeControl "180+1"]
[Date "2023.08.22"]
[WhiteClock "0:00:00"]
[BlackClock "0:00:13"]
[Board "49"]

1. b3 e5 2. Bb2 Nc6 3. e3 Nf6 4. f4 exf4 5. exf4 d5 6. Nf3 Bd6 7. Ne5 Qe7 8. d4 O-O 9. Bd3 Ne4 10. Bxe4 dxe4 11. O-O f6 12. Nxc6 bxc6 13. c4 e3 14. Qf3 Bb4 15. Nc3 Bf5 16. a3 Bxc3 17. Bxc3 Rfe8 18. Rfe1 Bc2 19. b4 Qe6 20. d5 cxd5 21. cxd5 Qe4 22. Qg3 Kh8 23. Qh4 Bb3 24. Qg3 Bxd5 25. Rad1 Rad8 26. Rd4 Qc2 27. Ba1 c6 28. h4 e2 29. h5 h6 30. Qf2 Rd7 31. f5 Rde7 32. Rg4 Re4 33. Rg6 Bf7 34. Qxa7 Bxg6 35. hxg6 Qd2 36. Qf2 Rf4 37. Qg3 Qe3+ 38. Qxe3 Rxe3 39. Bb2 h5 0-1


[Site "https://www.chess.com"]

[Event "Titled Tuesday Blitz August 22 Early 2023"]
[White "Santos Flores, Alberto"]
[Black "carokannlover213"]
[WhiteFideId "3601234"]
[WhiteElo "2567"]
[BlackElo "2718"]
[Result "1/2-1/2"]
[Round "7"]
[TimeControl "180+1"]
[Date "2023.08.22"]
[WhiteClock "0:00:41"]
[BlackClock "0:00:09"]
[Board "50"]

1. e4 c5 2. Nf3 d6 3. Bb5+ Nd7 4. d4 cxd4 5. Qxd4 a6 6. Bxd7+ Bxd7 7. Nc3 e5 8. Qd3 h6 9. Nd2 Nf6 10. Nc4 Be6 11. Ne3 Be7 12. Ncd5 O-O 13. O-O Rc8 14. c3 Nd7 15. Nf5 Bxf5 16. exf5 Bg5 17. f4 exf4 18. Bxf4 Bxf4 19. Rxf4 Nf6 20. Nxf6+ Qxf6 21. Qd4 Qxd4+ 22. Rxd4 Rc5 23. g4 h5 24. h3 Re8 25. Rad1 Re2 26. R1d2 Rxd2 27. Rxd2 hxg4 28. hxg4 Rc4 29. Rd4 Rxd4 30. cxd4 f6 31. Kf2 Kh7 32. Kf3 Kh6 33. Kf4 d5 34. a3 g6 35. fxg6 Kxg6 36. Kf3 Kg5 37. Kg3 b6 38. b3 f5 39. gxf5 Kxf5 40. Kf3 Kg5 41. Kg3 Kf5 42. Kf3 Kg5 43. Kg3 b5 44. b4 Kf5 45. Kf3 Kg5 46. Kg3 Kf5 47. Kf3 Kg5 48. Kg3 1/2-1/2


[Site "https://www.chess.com"]